 Dungeon Crawl Stone Soup version 0.23.2 (webtiles) character file.

Game seed: 5259656531876539535

44 Menchi the Skirmisher (level 3, -2/33 HPs)
             Began as a Ghoul Fighter on Apr 6, 2019.
             Slain by a gnoll
             ... wielding a +0 club
              (3 damage)
             ... on level 2 of the Dungeon.
             The game lasted 00:02:04 (558 turns).

Menchi the Skirmisher (Ghoul Fighter)                Turns: 558, Time: 00:02:05

Health: -2/33      AC:  6    Str: 19    XL:     3   Next: 60%
Magic:  2/2        EV:  9    Int:  4    God:
Gold:   58         SH:  0    Dex:  8    Spells: 2/2 levels left

rFire    . . .     SeeInvis .   g - +2 short sword (speed)
rCold    + . .     Gourm    .   (no shield)
rNeg     + + +     Faith    .   b - +0 scale mail
rPois    ∞         Spirit   .   (no helmet)
rElec    .         Reflect  .   (no cloak)
rCorr    .         Harm     .   (no gloves)
MR       .....                  (no boots)
Stlth    ..........             (no amulet)
HPRegen  0.00/turn              (no ring)
MPRegen  0.08/turn              (no ring)

@: rotting
A: rotting body, claws 1, carnivore, cold resistance 1, negative energy
resistance 3, inhibited regeneration, torment resistance, unbreathing
a: no special abilities


You were on level 2 of the Dungeon.
You were not hungry.

You visited 1 branch of the dungeon, and saw 2 of its levels.

You collected 58 gold pieces.

Inventory:

Hand Weapons
 a - a +0 long sword
 g - a +2 short sword of speed (weapon)
Armour
 b - a +0 scale mail (worn)
Jewellery
 k - a cursed ring of teleportation {unknown}
Scrolls
 c - a scroll of immolation {unknown}
 i - a scroll of magic mapping {unknown}
Potions
 d - a potion of might
 e - 2 potions of flight {unknown}
 h - a potion of agility {unknown}
 j - a potion of curing {unknown}
Comestibles
 f - 2 rations


   Skills:
 * Level 4.1 Fighting
 * Level 2.5 Long Blades
 - Level 2.6 Armour
 * Level 1.0 Dodging
   Level 2.6 Shields


You had 2 spell levels left.
You didn't know any spells.
Your spell library was empty.

Dungeon Overview and Level Annotations

Branches:
Dungeon (2/15)

Altars:


Innate Abilities, Weirdness & Mutations

Your body is rotting away.
You thrive on raw meat.
You are immune to poison.
You have sharp fingernails.
You are carnivorous and can eat meat at any time.
Your flesh is cold resistant. (rC+)
You are immune to negative energy. (rN+++)
You do not regenerate when monsters are visible.
You are immune to unholy pain and torment.
You can survive without breathing.


Message History

You are too injured to fight recklessly!
You are too injured to fight recklessly!
You are too injured to fight recklessly!
You are too injured to fight recklessly!
You hit the gnoll.
The gnoll is heavily wounded.
The gnoll hits you with a +0 whip. The gnoll closely misses you.
You hit the gnoll.
The gnoll is severely wounded.
The gnoll hits you but does no damage.
You hit the gnoll.
The gnoll is almost dead.
The gnoll hits you with a +0 club!
* * * LOW HITPOINT WARNING * * *
You closely miss the gnoll.
The gnoll is almost dead.
The gnoll hits you with a +0 whip.
* * * LOW HITPOINT WARNING * * *
The gnoll hits you with a +0 club.
You die...

##### #...########
###.....(.(@g#
#.......###.g.#
#.......# #.......
#.......###...####
###..........##
#....#####.#
##.#.......#
########.#######+#
#.....##.##


You could see 2 gnolls.

Vanquished Creatures
  An adder (D:2)
  A gnoll (D:2)
  A dart slug (D:1)
  A giant cockroach (D:1)
  4 goblins
  2 hobgoblins (D:1)
  4 jackals (D:1)
  A bat (D:1)
  3 kobolds (D:1)
  3 rats (D:1)
21 creatures vanquished.

Notes
Turn   | Place    | Note
-------+----------+-------------------------------------------
     0 | D:1      | Menchi the Ghoul Fighter began the quest for the Orb.
     0 | D:1      | Reached XP level 1. HP: 19/19 MP: 0/0
    85 | D:1      | Reached XP level 2. HP: 16/26 MP: 1/1
   520 | D:2      | Reached XP level 3. HP: 32/32 MP: 2/2
   539 | D:2      | Reached skill level 4 in Fighting
   551 | D:2      | Reached skill level 1 in Dodging
   558 | D:2      | HP: 1/33 [gnoll/+0 whip (4)]
   558 | D:2      | Slain by a gnoll

Skill      XL: |  1  2  3 |
---------------+----------+-----
Long Blades    | 2 |  2.5
Fighting       | 4 |  4.1
Dodging        | 1 |  1.0
Armour         | |  2.6
Shields        | |  2.6

Action                   || total
-------------------------++-------
Melee: Long sword        ||    61
       Short sword       ||    21
  Eat: Chunk             ||     5
Armor: Scale mail        ||    42
Dodge: Dodged            ||    48
       Rpst.: Long sword ||    18
